 Dungeon Crawl Stone Soup version 0.28-a0-535-g6f645e4c1d (webtiles) character file.

Game seed: 10793471515755408459

34 toffzen the Skirmisher (level 3, -1/31 HPs)
             Began as a Djinni Cinder Acolyte on Sept 27, 2021.
             Was a High Priest of Ignis.
             Slain by Robin (6 damage)
             ... on level 2 of the Dungeon.
             The game lasted 00:01:52 (1684 turns).

toffzen the Skirmisher (Djinni Cinder Acolyte)      Turns: 1684, Time: 00:01:53

Health: -1/31      AC:  2    Str: 13    XL:     3   Next: 50%
Gold:   94         EV: 11    Int: 16    God:    Ignis [*****.] SH:  0 Dex:  8

rFire   + + +      SeeInvis .   a - -1 falchion (flame)
rCold   x . .      Faith    .   (no shield)
rNeg    . . .      Spirit   .   b - +0 robe
rPois   ∞          Reflect  .   (no helmet)
rElec   .          Harm     .   (no cloak)
rCorr   .          Rampage  .   (no gloves)
Will    .....                   (boots unavailable)
Stlth   +.........              (no amulet)
HPRegen 0.10/turn               (no ring)
MPRegen 0.00/turn               (no ring)

@: flying, very slightly contaminated
A: sickness immunity, fire resistance 2, cold vulnerability 1, float, innate
caster, hp casting, extra vitality 1
a: Renounce Religion, Sea of Fire, Foxfire Swarm, Rising Flame


You were on level 2 of the Dungeon.
You worshipped Ignis.
Ignis was extremely pleased with you.
You visited 1 branch of the dungeon, and saw 2 of its levels.

You collected 94 gold pieces.

Inventory:

Hand Weapons
 a - a -1 falchion of flaming (weapon)
Missiles
 e - 32 stones
Armour
 b - a +0 robe (worn)
Scrolls
 c - 5 scrolls of identify {unknown}
 d - a scroll of vulnerability {unknown}
 g - 3 scrolls of fog {unknown}
Potions
 f - a potion of lignification {unknown}
 h - a potion of brilliance {unknown}


   Skills:
 + Level 3.7 Fighting
 - Level 2.6 Long Blades
 + Level 2.9 Spellcasting


You had 4 spell levels left.
You knew the following spells:

 Your Spells              Type           Power      Damage    Failure   Level
a - Scorch                Fire           22%        2d6       9%          2
b - Animate Skeleton      Necr           22%        N/A       5%          1
Your spell library was empty.

Dungeon Overview and Level Annotations

Branches:
Dungeon (2/15)

Altars:

Annotations:
D:2 Robin


Innate Abilities, Weirdness & Mutations

You are immune to sickness and miasma.
You are immune to poison.
Your flesh is very heat resistant. (rF++)
You are vulnerable to cold. (rC-)
You float through the air rather than walking.
You learn spells naturally, not from books.
Your magical power is your life essence.
You have superior vitality. (+4 HP)


Message History

Casting: Scorch (safe; 9% risk of failure)
Confirm with . or Enter, or press ? or * to list all spells.
Flames lash the goblin.
You kill the goblin!
Casting: Scorch (safe; 9% risk of failure)
Confirm with . or Enter, or press ? or * to list all spells.
Flames lash the goblin.
You kill the goblin!
You start resting.
A goblin is nearby!
Casting: Scorch (safe; 9% risk of failure)
Confirm with . or Enter, or press ? or * to list all spells.
Flames lash the goblin.
You kill the goblin!
You start resting.
A hobgoblin is nearby!
Casting: Scorch (safe; 9% risk of failure)
Confirm with . or Enter, or press ? or * to list all spells.
You miscast Scorch.
You are very lightly contaminated with residual magic.
Nothing appears to happen.
The hobgoblin hits you but does no damage.
Casting: Scorch (safe; 9% risk of failure)
Confirm with . or Enter, or press ? or * to list all spells.
Flames lash the hobgoblin.
You kill the hobgoblin!
Casting: Scorch (safe; 9% risk of failure)
Confirm with . or Enter, or press ? or * to list all spells.
Flames lash Robin.
Robin is heavily wounded.
Robin's fire resistance burns away.
Robin hits you with a +5 club.
* * * LOW HITPOINT WARNING * * *
Casting: Scorch (safe; 9% risk of failure)
Confirm with . or Enter, or press ? or * to list all spells.
Flames lash Robin.
Robin is burned terribly!
Robin is severely wounded.
* * * LOW HITPOINT WARNING * * *
You hear a shout!
Robin hits you with a +5 club.
You die...

.. ########## #.#
gg.g.g)..# #.# #
.#######.## #.#.#
#.g## ..#.##
##.#.## #....
##.###.#####.#.#
#g## ##......#.#
##@###.#####...#
##.#.## #)####.#
#..## ###.......
###..# #...####.#
#....# #.#.# #..###
##.#.# #..# ##....#
#..# #.....#
######..######....#


You could see Robin (combustible).

Vanquished Creatures
  5 ball pythons (D:1)
  2 endoplasms (D:1)
  9 goblins
  3 hobgoblins
  2 kobolds
  3 quokkas
  3 bats (D:1)
  2 rats (D:1)
29 creatures vanquished.

Notes
Turn   | Place    | Note
-------+----------+-------------------------------------------
     0 | D:1      | toffzen the Djinni Cinder Acolyte began the quest for the
                  | Orb.
     0 | D:1      | Reached XP level 1. HP: 20/20 MP: 0/0
   505 | D:1      | Reached XP level 2. HP: 25/25 MP: 0/0
   945 | D:1      | Reached XP level 3. HP: 28/30 MP: 0/0
   945 | D:1      | Learned a level 1 spell: Animate Skeleton
  1664 | D:2      | Noticed Robin
  1684 | D:2      | Slain by Robin

Illustrated notes

Levels and vault maps discovered:
D:1:      heliophobic_arrival_enchanted_forest, layout_basic, minmay_vboxes
D:2:      layout_loops_ring, basic_altar, kennysheep_minor_cross,
          kennysheep_small_spiral, uniq_robin

Action                   || total
-------------------------++-------
Melee: Falchion          ||    22
 Cast: Scorch            ||    27
Armor: Robe              ||    15
Dodge: Dodged            ||    24

Table legend: (Time is in decaauts)
 A = Elapsed time spent in this place.
 B = Non-inter-level travel time spent in this place.
 C = Inter-level travel time spent in this place.
 D = Time resting spent in this place.
 E = Time spent auto-exploring this place.
 F = Levels seen in this place.
 G = Mean time per level.
                   A        B        C        D        E       F      G
               +--------+--------+--------+--------+--------+-----+--------+
         Total |   1687 |   1651 |     36 |    600 |    876 |   2 |  843.5 |
       Dungeon |   1687 |   1651 |     36 |    600 |    876 |   2 |  843.5 |
               +--------+--------+--------+--------+--------+-----+--------+

Top non-repeatable levels by time:
     D:1: 1426 daAuts
     D:2: 261 daAuts
